 Dungeon Crawl Stone Soup version 0.27-a0-1144-g0b7d3b79db (webtiles) character file.

Game seed: 3796576025632451284

6 shoop the Sneak (level 1, -1/11 HPs)
             Began as a Vine Stalker Delver on May 11, 2021.
             Succumbed to a scorpion's poison
             ... on level 5 of the Dungeon.
             The game lasted 00:00:50 (127 turns).

shoop the Sneak (Vine Stalker Delver)                Turns: 127, Time: 00:00:50

Health: -1/11      AC:  6    Str: 14    XL:     1   Next: 90%
Magic:  1/2        EV: 11    Int: 10    God:
Gold:   14         SH:  0    Dex: 15    Spells: 0/0 levels left

rFire    . . .     SeeInvis .   a - +0 falchion
rCold    . . .     Faith    .   (no shield)
rNeg     . . .     Spirit   +   b - +0 leather armour
rPois    .         Reflect  .   (no helmet)
rElec    .         Harm     .   (no cloak)
rCorr    .         Rampage  .   (no gloves)
Will     .....                  h - +2 pair of boots
Stlth    +++.......             (no amulet)
HPRegen  0.03/turn              (no ring)
MPRegen  0.08/turn              (no ring)

@: lethally poisoned (-1 -> -10)
A: fangs 2, magic shield, antimagic bite, no potion heal 2
a: no special abilities


You were on level 5 of the Dungeon.
You visited 1 branch of the dungeon, and saw 2 of its levels.

You collected 14 gold pieces.

Inventory:

Hand Weapons
 a - a +0 falchion (weapon)
Armour
 b - a +0 leather armour (worn)
 h - a +2 pair of boots (worn)
Wands
 g - a wand of digging (3)
Scrolls
 c - a scroll of fog
 d - a scroll of magic mapping
 e - a scroll of fear
Potions
 f - a potion of haste


   Skills:
 + Level 2.7 Fighting
 + Level 1.8 Long Blades
 + Level 1.5 Dodging
 + Level 6.3 Stealth


You couldn't memorise any spells.
You didn't know any spells.
Your spell library was empty.

Dungeon Overview and Level Annotations

Branches:
Dungeon (6/15)
 Temple: D:4-7

Altars:
Okawaru

Annotations:
D:5 exclusion: 2 zombies


Innate Abilities, Weirdness & Mutations

You have extremely sharp teeth.
When hurt, damage is shared between your health and your magic reserves.
Your bite disrupts and absorbs the magic of your enemies.
Potions cannot restore your health.


Message History

You drain its power.
The adder zombie is lightly damaged.
The adder zombie barely misses you.
You riposte.
You hit the adder zombie. Your bite misses the adder zombie.
The adder zombie is heavily damaged.
You hit the adder zombie.
The adder zombie is severely damaged.
The adder zombie bites you but does no damage.
You barely miss the adder zombie. You bite the adder zombie.
You drain its power.
The adder zombie is almost destroyed.
The adder zombie bites you but does no damage. x2
You hit the adder zombie. You bite the adder zombie.
You destroy the adder zombie!
No target in view!
HP restored.
You now have 14 gold pieces.
As you open the door, it creaks loudly!
There is an open door here.
An ufetubus comes into view.
A scorpion comes into view.
An orc comes into view. It is wielding a +0 hand axe.
You barely miss the scorpion.
You bite the scorpion, but do no damage.
The scorpion stings you but does no damage.
The scorpion barely misses you.
You barely miss the scorpion. Your bite misses the scorpion.
The scorpion stings you.
You hit the scorpion but do no damage. You bite the scorpion.
You drain its power.
The scorpion is lightly wounded.
The scorpion closely misses you. The scorpion stings you.
You are lethally poisoned!
The scorpion poisons you!
You are too injured to fight recklessly!
You are too injured to fight recklessly!
Unknown command.
* * * LOW HITPOINT WARNING * * *
You feel very sick.
You die...

..o # ... ... ... ._.
#.######..# ... . #.........#
##.# ... #.........# ..#
####..####.........####.#
........##..s...........####
......#.##..........#.......
##....#.##.@........#.###...
#..#........................
....................#.#.....
###..#....#####.#..#.#....>
#..........................
#.#..#.##.#.....#..#.......
#.#..#.######...#..#.......
...####'#..#.# ##.##..##......
#.........#.#######.##..........


You could see a scorpion.

Vanquished Creatures
  An adder zombie (D:5)
  An orc (D:6)
2 creatures vanquished.

Notes
Turn   | Place    | Note
-------+----------+-------------------------------------------
     0 | D:5      | shoop the Vine Stalker Delver began the quest for the Orb.
     0 | D:5      | Reached XP level 1. HP: 11/11 MP: 2/2
     3 | D:5      | Found an iron altar of Okawaru.
    40 | D:5      | Noticed a water moccasin zombie
   119 | D:5      | Noticed a scorpion
   127 | D:5      | Succumbed to a scorpion's poison

Illustrated notes

Levels and vault maps discovered:
D:5:      layout_basic, nicolae_overflow_crystal_walls,
          nicolae_dithmenos_shadow_blocks, amcnicky_altar_gilded, tgw_sif
D:6:      layout_layer_cave, minmay_temple_entry_large_hall

Action                   || total
-------------------------++-------
Melee: Falchion          ||     9
       Bite              ||     5
Armor: Leather armour    ||     6
Dodge: Dodged            ||     3
       Rpst.: Falchion   ||     1

Table legend: (Time is in decaauts)
 A = Elapsed time spent in this place.
 B = Non-inter-level travel time spent in this place.
 C = Inter-level travel time spent in this place.
 D = Time resting spent in this place.
 E = Time spent auto-exploring this place.
 F = Levels seen in this place.
 G = Mean time per level.
                   A        B        C        D        E       F      G
               +--------+--------+--------+--------+--------+-----+--------+
         Total |    129 |    129 |      0 |      0 |     71 |   2 |   64.5 |
       Dungeon |    129 |    129 |      0 |      0 |     71 |   2 |   64.5 |
               +--------+--------+--------+--------+--------+-----+--------+

Top non-repeatable levels by time:
     D:5: 116 daAuts
     D:6: 13 daAuts
